Map: Korhal Carnage Knockout LE

Players

HuK

  • Race: Protoss Protoss

Iaguz - Winner!

  • Race: Terran Terran

Event: DreamHack Open Tours WCS Spring Championship

VOD

https://www.youtube.com/watch?v=SOToBnKcuzw

Description

Time

  • Played on: May 14, 2016, 12:35 p.m.
  • Length: 13:06

All games in this series

Show
View Real Time Build Order
Export as new Build Order

HuK Protoss 

Build Orders: 1 Gate Expand, Phoenix Opening 

Get SALT Encoding   

  12  0:01  Probe (Chrono Boost)  
  13  0:11  Probe (Chrono Boost)  
  14  0:17  Pylon  
  14  0:22  Probe (Chrono Boost)  
  16  0:35  Probe (Chrono Boost)  
  16  0:38  Gateway  
  16  0:41  Assimilator  
  16  0:46  Probe (Chrono Boost)  
  17  0:56  Probe (Chrono Boost)  
  18  1:07  Probe (Chrono Boost)  
  19  1:18  Probe (Chrono Boost)  
  20  1:26  Cybernetics Core  
  20  1:29  Probe (Chrono Boost)  
  21  1:34  Nexus  
  21  1:42  Pylon  
  21  1:44  Probe (Chrono Boost)  
  22  1:47  Assimilator  
  22  1:54  Probe (Chrono Boost)  
  23  2:02  Warp Gate, Adept (Chrono Boost)  
  23  2:05  Probe  
  26  2:13  Pylon  
  26  2:17  Probe  
  27  2:26  Adept (Chrono Boost)  
  27  2:29  Probe (Chrono Boost)  
  29  2:39  Stargate  
  29  2:41  Probe (Chrono Boost)  
  30  2:50  Probe (Chrono Boost)  
  30  2:51  Adept  
  32  2:55  Probe (Chrono Boost)  
  33  3:08  Probe (Chrono Boost)  
  34  3:14  Probe (Chrono Boost)  
  35  3:26  Probe (Chrono Boost)  
  36  3:30  Probe (Chrono Boost)  
  36  3:34  Phoenix (Chrono Boost)  
  35  3:38  Gateway  
  35  3:39  Twilight Council, Gateway  
  35  3:40  Mothership Core  
  37  3:46  Probe  
  38  3:56  Phoenix (Chrono Boost)  
  38  3:57  Probe  
  38  4:02  Probe  
  42  4:04  Pylon  
  42  4:07  Probe  
  43  4:13  Assimilator  
  43  4:14  Probe  
  43  4:16  Assimilator  
  44  4:18  Blink (Chrono Boost)  
  44  4:21  Probe  
  45  4:32  Probe  
  45  4:38  Probe  
  45  4:39  Adept  
  47  4:46  Probe  
  47  4:51  Probe (Chrono Boost)  
  48  4:53  Forge  
  48  4:58  Probe (Chrono Boost)  
  49  5:03  Probe (Chrono Boost)  
  50  5:09  Probe (Chrono Boost), Sentry x2  
  50  5:12  Nexus  
  50  5:13  Probe (Chrono Boost)  
  56  5:19  Probe (Chrono Boost)  
  57  5:24  Probe (Chrono Boost)  
  57  5:27  Protoss Ground Weapons Level 1 (Chrono Boost)  
  57  5:28  Pylon  
  58  5:30  Probe (Chrono Boost)  
  58  5:31  Pylon  
  59  5:36  Probe (Chrono Boost)  
  59  5:38  Sentry  
  62  5:46  Probe (Chrono Boost)  
  63  5:53  Stalker x2  
  67  5:58  Oracle  
  67  6:02  Gateway  
  70  6:05  Resonating Glaives  
  70  6:06  Gateway  
  70  6:07  Probe  
  70  6:08  Gateway  
  70  6:09  Pylon  
  71  6:22  Pylon  
  71  6:29  Stalker x3  
  77  6:35  Probe  
  77  6:36  Probe  
  77  6:37  Probe, Pylon  
  80  6:45  Pylon  
  80  6:51  Probe x2  
  82  6:54  Stalker  
  82  6:55  Stalker x2  
  82  6:57  Probe  
  89  7:03  Probe x2, Pylon  
  89  7:07  Probe  
  91  7:12  Protoss Ground Weapons Level 2 (Chrono Boost)  
  93  7:15  Probe x2  
  93  7:19  Adept x4  
  102  7:25  Templar Archives  
  102  7:28  Photon Cannon  
  102  7:33  Probe, Adept x2  
  102  7:34  Probe  
  102  7:35  Probe  
  109  7:47  Probe  
  109  7:50  Probe  
  111  7:57  Stalker  
  111  7:58  Stalker x5  
  122  8:14  Probe  
  122  8:15  Assimilator  
  122  8:16  Assimilator  
  122  8:18  Gateway  
  123  8:21  Gateway  
  123  8:22  Adept x4, Gateway  
  123  8:23  Adept  
  133  8:27  Pylon  
  133  8:32  Pylon  
  133  8:38  Robotics Facility  
  133  8:47  Charge  
  133  8:55  Protoss Ground Armor Level 1 (Chrono Boost)  
  133  9:04  Adept  
  133  9:05  Adept x3  
  133  9:08  Adept x2  
  116  9:32  Stalker x5  
  116  9:35  Observer (Chrono Boost)  
  128  9:40  Mothership Core  
  128  9:41  Photon Cannon  
  128  9:44  Stalker  
  128  9:45  Stalker x3  
  137  9:52  Nexus  
  137  9:53  Pylon  
  137  9:54  Warp Prism (Chrono Boost)  
  139  10:03  Photon Cannon  
  139  10:07  Pylon  
  139  10:19  Photon Cannon  
  139  10:25  Observer (Chrono Boost)  
  140  10:32  High Templar x4  
  140  10:35  Adept x5  
  154  10:36  Archon  
  154  10:37  Archon  
  154  10:50  Pylon  
  154  10:53  Pylon  
  154  10:57  Photon Cannon  
  154  11:02  Zealot  
  156  11:04  Immortal (Chrono Boost)  
  144  11:17  Zealot  
  144  11:18  Zealot x8  
  160  11:24  Mothership Core  
  162  11:38  Pylon  
  162  11:40  Pylon  
  162  11:41  Pylon  
  162  11:42  Pylon  
  162  11:43  Pylon x2  
  162  11:44  Pylon  
  158  11:47  Pylon  
  149  12:03  Adept x3  
  149  12:04  Adept x3  
  91  12:26  Zealot x6  
  85  12:34  Assimilator x2  
  81  12:47  Zealot x3  
  81  12:48  Zealot x3  
  81  12:51  Gateway x2  
  87  12:52  Gateway  
Show
View Real Time Build Order
Export as new Build Order

Iaguz Terran - Winner!

Build Orders: Reaper Expand, MMM Bio 

Get SALT Encoding   

  12  0:00  SCV  
  13  0:12  SCV  
  14  0:16  Supply Depot  
  14  0:25  SCV  
  15  0:38  SCV  
  15  0:39  Barracks  
  16  0:42  Refinery  
  16  0:50  SCV  
  17  1:02  SCV  
  18  1:14  SCV  
  19  1:26  Orbital Command  
  19  1:27  Reaper  
  20  1:39  Command Center  
  20  1:50  Supply Depot  
  20  1:52  SCV  
  21  1:59  Marine  
  22  2:04  SCV  
  23  2:11  Factory  
  23  2:17  SCV  
  23  2:21  Barracks Reactor  
  24  2:29  SCV  
  25  2:41  SCV  
  26  2:47  Barracks  
  26  2:52  Orbital Command  
  26  2:53  SCV  
  26  2:56  Widow Mine  
  26  2:57  Marine x2  
  31  3:02  Engineering Bay  
  31  3:05  SCV  
  32  3:15  Marine x2  
  32  3:17  SCV  
  32  3:18  SCV  
  36  3:29  SCV  
  36  3:33  SCV, Marine x2, Barracks  
  38  3:36  Missile Turret  
  38  3:38  Missile Turret  
  38  3:41  SCV, Barracks Tech Lab  
  38  3:44  Factory Tech Lab  
  38  3:46  SCV  
  40  3:53  Supply Depot, Marine x2  
  40  3:54  SCV  
  43  4:00  SCV  
  44  4:05  Marine  
  44  4:06  SCV, Stimpack  
  46  4:13  Supply Depot  
  46  4:15  Supply Depot, Marine x2  
  46  4:17  SCV  
  49  4:18  SCV  
  50  4:26  Refinery  
  50  4:28  Bunker  
  50  4:29  SCV  
  50  4:30  SCV  
  52  4:34  Marine  
  52  4:35  Marauder  
  55  4:40  Marine  
  55  4:41  SCV, Marauder  
  55  4:43  SCV  
  60  4:51  Factory Reactor  
  59  4:53  SCV  
  59  4:54  Starport  
  59  4:55  Marine  
  59  4:58  Refinery  
  60  5:03  Marine  
  60  5:04  Marauder x2  
  60  5:06  SCV  
  66  5:07  SCV  
  66  5:12  Supply Depot  
  67  5:14  Supply Depot  
  67  5:19  SCV x2  
  68  5:31  SCV, Command Center  
  68  5:32  SCV  
  70  5:37  Supply Depot  
  70  5:41  Marauder x2, Marine  
  70  5:42  Marine  
  75  5:43  Combat Shields, SCV  
  75  5:44  SCV  
  77  5:56  Supply Depot, SCV x2  
  78  6:01  Marine x2  
  80  6:07  Refinery  
  80  6:08  SCV  
  80  6:09  SCV  
  82  6:11  Medivac x2  
  82  6:16  Terran Infantry Weapons Level 1  
  85  6:20  SCV  
  85  6:21  SCV, Marauder x2, Marine x2  
  85  6:22  Supply Depot  
  93  6:26  Liberator, Barracks  
  93  6:28  Barracks  
  93  6:29  Widow Mine  
  95  6:38  SCV x2  
  97  6:40  Concussive Shells  
  97  6:42  Supply Depot  
  97  6:43  Liberator  
  97  6:45  Supply Depot  
  100  6:50  SCV  
  100  6:53  SCV  
  102  6:58  Marine  
  102  6:59  Marauder x2, Marine  
  110  7:09  Widow Mine  
  110  7:10  SCV x2  
  110  7:11  Liberator  
  110  7:12  Orbital Command  
  110  7:14  Missile Turret  
  110  7:15  Barracks Tech Lab  
  114  7:16  Barracks Reactor  
  114  7:20  Marine x2  
  114  7:22  SCV x2  
  117  7:28  Marine  
  117  7:29  Marauder  
  123  7:34  SCV x2  
  124  7:39  Liberator  
  124  7:41  Marauder, Marine x2, Widow Mine  
  124  7:42  SCV  
  131  7:46  Refinery, SCV x2  
  131  7:47  Refinery  
  131  7:50  Supply Depot x2  
  132  7:54  SCV  
  132  7:57  Marauder  
  132  7:58  SCV, Marauder  
  141  8:06  Marauder, Marine  
  141  8:07  Supply Depot x2  
  141  8:19  Marauder x2  
  145  8:20  Terran Infantry Armor Level 1  
  145  8:21  Liberator  
  145  8:22  Starport  
  145  8:23  Fusion Core  
  145  8:24  Marine x2  
  145  8:25  Marine x2  
  149  8:28  Supply Depot x2, Marauder  
  149  8:29  Liberator  
  151  8:40  Marauder, Marine  
  157  8:47  Marine x3, Factory Tech Lab  
  159  8:56  Marine  
  159  8:57  Marauder  
  159  8:58  Marine  
  159  9:01  Marine  
  164  9:05  Marine  
  164  9:07  Command Center  
  164  9:09  Armory  
  159  9:12  Liberator  
  159  9:15  Marine x2  
  159  9:16  Marauder, Marine  
  160  9:18  Marauder  
  160  9:19  Marine  
  160  9:21  Medivac  
  160  9:22  Marine  
  153  9:29  Medivac  
  153  9:30  Advanced Ballistics  
  143  9:33  Marine x3  
  143  9:37  Marauder x2  
  143  9:38  Supply Depot  
  150  9:39  Marine  
  150  9:40  Marine  
  150  9:43  Barracks x2  
  152  9:46  Widow Mine  
  152  9:51  Marine x2  
  152  9:52  Medivac  
  158  9:56  Marine  
  158  9:57  Marauder  
  158  9:58  Marine  
  158  9:59  Marauder  
  164  10:04  Marauder  
  166  10:09  Marine x2  
  166  10:14  Marine, Terran Infantry Weapons Level 2  
  167  10:15  Medivac x2  
  167  10:16  Marine  
  167  10:18  Widow Mine  
  167  10:19  Marauder  
  167  10:20  Marauder  
  179  10:25  Marine  
  170  10:38  Marine x3  
  170  10:39  Barracks Tech Lab, Barracks Reactor  
  170  10:40  Medivac, Marauder  
  170  10:41  Marauder  
  179  10:45  Medivac  
  181  10:53  Marine, Liberator x2, Marauder  
  181  10:56  Marine x3  
  187  11:01  Marauder  
  189  11:05  Marauder, Marine  
  189  11:11  Marine  
  197  11:14  Marine x3  
  200  11:31  Marauder  
  198  11:45  Marauder  
  199  11:51  Marauder x2, Marine x2  
  199  11:52  Marine  
  199  11:55  Command Center  
  199  11:59  Marine  
  199  12:00  Marauder  
  195  12:02  Marine x2  
  195  12:06  Marauder  
  199  12:15  Marauder, Marine x2  
  190  12:16  Medivac x3  
  190  12:17  Widow Mine  
  177  12:23  Marauder, Marine  
  177  12:27  Marauder, Marine x2  
  174  12:33  Marine  
  174  12:34  Marauder, Marine x2  
  174  12:37  Marauder  
  175  12:43  Marine  
  170  12:44  Marine  
  170  12:45  Marauder, Marine  

Tags
 
Add a new tag
Caveats
  • Supply blocks, unpowered buildings, or Contaminate may cause inaccurate times.
  • Supply counts are checked every 10 seconds.